AoeStats
← Ludoblues

Coastal Forest

510624570Analyzed
3v3 RM · 2d ago on Oct 1, 2026· 83m 29s· 6 players
Game mode
Random Map
Map size
Normal (6 player)
Population
200
Speed
Normal
Resources
Standard
Victory
Conquest
Starting age
Dark Age
Ending age
Imperial Age
RankedLock teamsTeams togetherTeam positionsShared explorationLock speedFull tech treeHidden civsTurbo modeCheats
Victory
Defeat
🇫🇷 Celts · France
1012
+14
🇫🇷 Bohemians · France
971
+16
🇫🇷 Khmer · France
894
+19
🇩🇪 Maya · Germany
1011
-18
973
-17
🇩🇪 Khmer · Germany
906
-14
Ludoblues
3:47 Loom
11:33 Feudal Age
14:08 Horse Collar
19:30 Castle Age
21:34 Double-Bit Axe
22:23 Heavy Plow
23:15 Bow Saw
26:07 Wheelbarrow
27:44 Hand Cart
28:04 Gold Mining
28:28 Pikeman
30:53 Gold Shaft Mining
30:17 Stone Mining
33:18 Stone Shaft Mining
33:08 Forging
37:13 Fletching
37:58 Bodkin Arrow
40:44 Imperial Age
39:05 Iron Casting
38:31 Scale Mail Armor
39:11 Ballistics
41:22 Chain Mail Armor
41:13 Murder Holes
40:50 Heavy Scorpion
42:01 Siege Engineers
42:13 Furor Celtica
43:04 Capped Ram
44:03 Halberdier
45:51 Blast Furnace
45:14 Siege Ram
49:53 Caravan
55:50 Town Watch
56:54 Conscription
55:54 Elite Woad Raider
59:16 Plate Mail Armor
58:48 Padded Archer Armor
59:29 Hoardings
58:45 Stronghold
74:10 Town Patrol
81:10 Spies/Treason
83:02 Medium Warships
QUIMEURTPERD
4:32 Loom
12:03 Feudal Age
13:58 Double-Bit Axe
14:04 Horse Collar
20:54 Fletching
21:04 Padded Archer Armor
22:00 Scale Barding Armor
27:12 Castle Age
26:24 Bloodlines
27:01 Forging
27:31 Wheelbarrow
26:42 Town Watch
28:53 Bow Saw
30:00 Stone Mining
29:55 Pikeman
33:39 Husbandry
33:15 Elite Skirmisher
35:42 Iron Casting
40:54 Gold Mining
41:44 Heavy Plow
42:40 Scale Mail Armor
45:15 Wheelbarrow
44:40 Town Patrol
54:25 Imperial Age
52:36 Gold Shaft Mining
52:37 Stone Shaft Mining
53:16 Arson
55:27 Conscription
55:38 Ballistics
56:25 Elite Ballista Elephant
56:38 Halberdier
59:47 Double Crossbow
65:05 Elite Battle Elephant
70:01 Light Cavalry
70:13 Capped Ram
70:15 Heavy Scorpion
nosta
8:52 Loom
11:46 Feudal Age
16:35 Castle Age
15:50 Double-Bit Axe
18:07 Bow Saw
20:23 Wheelbarrow
21:52 Wagenburg Tactics
26:55 Hand Cart
26:25 Town Watch
30:18 Chemistry
29:38 Fervor
32:09 Imperial Age
32:12 Elite Hussite Wagon
33:26 Pikeman
34:08 Squires
33:53 Arson
34:51 Forging
34:42 Scale Mail Armor
36:57 Halberdier
40:27 Chain Mail Armor
41:03 Iron Casting
40:32 Horse Collar
46:18 Coinage
47:43 Siege Engineers
48:43 Banking
49:24 Plate Mail Armor
49:55 Blast Furnace
51:03 Houfnice
57:11 Bombard Tower
59:44 Heavy Plow
79:08 Spies/Treason
81:11 Siphons
82:01 Fletching
82:34 Ballistics
82:30 Careening
82:31 Clinker Construction
82:54 Medium Warships
Thranquilo
0:30 Loom
10:05 Feudal Age
11:15 Double-Bit Axe
15:07 Fletching
17:50 Wheelbarrow
21:05 Castle Age
20:27 Gold Mining
20:20 Horse Collar
21:12 Crossbowman
21:57 Thumb Ring
21:56 Padded Archer Armor
21:51 Bodkin Arrow
26:33 Ballistics
27:57 Eagle Warrior
28:38 Squires
32:36 Heavy Plow
32:50 Bow Saw
36:04 Imperial Age
34:01 Forging
34:06 Leather Archer Armor
33:52 Scale Mail Armor
35:03 Arson
35:57 Iron Casting
37:39 Hand Cart
37:16 Elite Eagle Warrior
39:28 Bracer
40:02 Chain Mail Armor
40:49 Blast Furnace
41:25 Arbalester
45:19 Holcans
46:53 Two-Man Saw
50:14 Conscription
51:15 Elite Plumed Archer
53:43 Crop Rotation
56:28 Onager
69:04 Pikeman
Wilhelm Tell
3:29 Loom
11:48 Feudal Age
19:06 Castle Age
17:27 Double-Bit Axe
18:13 Gold Mining
23:34 Bloodlines
23:24 Husbandry
27:34 Scale Barding Armor
27:30 Scale Mail Armor
27:40 Forging
29:18 Bow Saw
29:53 Wheelbarrow
30:04 Sanctity
30:23 Chain Barding Armor
36:09 Imperial Age
33:57 Hand Cart
36:11 Cavalier
38:57 Horse Collar
40:05 Devotion
40:50 Tusk Swords
40:53 Double Crossbow
41:21 Pikeman
41:47 Arson
43:39 Iron Casting
43:20 Chain Mail Armor
43:40 Plate Barding Armor
43:06 Padded Archer Armor
42:57 Fletching
42:58 Halberdier
44:11 Light Cavalry
45:55 Ballistics
46:11 Conscription
47:08 Hussar
50:35 Blast Furnace
65:38 Masonry
65:20 Heated Shot
66:31 Chemistry
65:22 Guard Tower
65:43 Fortified Wall
65:29 Murder Holes
66:14 Redemption
66:05 Devotion
66:30 Illumination
66:16 Fervor
66:01 Herbal Medicine
66:42 Theocracy
66:00 Elite Skirmisher
66:23 Man-at-Arms
66:53 Town Watch
67:11 Long Swordsman
68:02 Town Patrol
69:16 Architecture
68:52 Siege Engineers
68:42 Murder Holes
69:29 Theocracy
68:49 Herbal Medicine
69:42 Heavy Plow
69:52 Murder Holes
70:07 Fortified Wall
69:48 Guard Tower
70:04 Siphons
70:10 Clinker Construction
70:11 Careening
DrunkDriveAnarchoGamblinmaster67
6:57 Loom
9:50 Feudal Age
15:10 Bloodlines
21:23 Castle Age
22:52 Husbandry
22:41 Gambesons
22:57 Squires
22:42 Arson
23:25 Forging
23:21 Scale Barding Armor
23:17 Scale Mail Armor
24:22 Double-Bit Axe
25:27 Horse Collar
32:43 Imperial Age
32:45 Wheelbarrow
37:37 Gothikon
39:06 Wheelbarrow
38:54 Cavalier
42:08 Elite Varangian Guard
43:14 Chain Barding Armor
43:10 Chain Mail Armor
43:40 Iron Casting
43:26 Chain Barding Armor
43:30 Capped Ram
44:37 Hand Cart
44:03 Light Cavalry
44:51 Hussar
46:01 Masonry
45:53 Siege Ram
50:33 Onager
54:33 Onager
Connection lost

Rejoining the realm…

Still unreachable

The connection could not be restored.

Session expired

The server has moved on; the page needs a fresh start.